 Dungeon Crawl Stone Soup version 0.20-a0-893-g832831a (webtiles) character file.

18 polly the Sneak (level 2, 0/15 HPs)
             Began as a Spriggan Assassin on Mar 16, 2017.
             Succumbed to an adder's poison
             ... on level 2 of the Dungeon.
             The game lasted 00:00:50 (943 turns).

polly the Sneak (Spriggan Assassin)                  Turns: 943, Time: 00:00:51

Health: 0/15       AC:  3    Str:  7    XL:     2   Next: 48%
Magic:  3/3        EV: 17    Int: 12    God:
Gold:   91         SH:  0    Dex: 17    Spells: 1/1 levels left

rFire    . . .     SeeInvis +   b - +0 blowgun
rCold    . . .     Gourm    .   c - +0 robe
rNeg     . . .     Faith    .   (shield restricted)
rPois    .         Spirit   .   (helmet restricted)
rElec    .         Reflect  .   d - +0 cloak
rCorr    .         Harm     .   (gloves unavailable)
MR       .....                  (boots unavailable)
Stlth    +++.......             (no amulet)
Regen    0.1/turn               (no ring)
MPRegen  0.1/turn               (no ring)

@: lethally poisoned (0 -> -6), very quick
A: unfitting armour, see invisible, herbivore 3, speed 3, slow metabolism 2
a: no special abilities


You were on level 2 of the Dungeon.
You were not hungry.

You visited 1 branch of the dungeon, and saw 2 of its levels.

You collected 91 gold pieces.

Inventory:

Hand Weapons
 a - a +2 dagger
 b - a +0 blowgun (weapon)
Missiles
 e - 5 poisoned needles (quivered)
 f - 2 curare-tipped needles
Armour
 c - a +0 robe (worn)
 d - a +0 cloak (worn)
Jewellery
 m - an uncursed ring of see invisible {unknown}
Scrolls
 h - a scroll of remove curse {unknown}
 i - a scroll of recharging {unknown}
 j - a scroll of noise {unknown}
 k - a scroll of identify {unknown}
 l - 2 scrolls of teleportation {unknown}
 n - a scroll of immolation {unknown}
Comestibles
 g - 2 bread rations


   Skills:
 + Level 1.7 Fighting
 + Level 2.7 Short Blades
 - Level 2.0 Throwing
 * Level 1.5 Dodging
 + Level 6.4 Stealth


You had one spell level left.
You didn't know any spells.

Dungeon Overview and Level Annotations

Branches:
Dungeon (2/15)

Altars:


Innate Abilities, Weirdness & Mutations

You are very small and have problems with some larger weapons.
You are too small for most types of armour.
You have supernaturally acute eyesight. (SInv)
You are a herbivore.
You cover ground extremely quickly.
You need consume almost no food.


Message History

Press: ? - help, Shift-Dir - straight line, f - adder
Aim: an adder You shoot a poisoned needle.
The poisoned needle barely misses the adder.
The poisoned needle hits the hobgoblin.
The hobgoblin is poisoned.
Firing (i - inventory. (,) - cycle):
e - 7 poisoned needles (quivered)
Press: ? - help, Shift-Dir - straight line, f/p - adder
Aim: an adder You shoot a poisoned needle.
The poisoned needle closely misses the adder.
Firing (i - inventory. (,) - cycle):
e - 6 poisoned needles (quivered)
Press: ? - help, Shift-Dir - straight line, f/p - adder
Aim: an adder You shoot a poisoned needle.
The poisoned needle hits the adder.
The adder is poisoned.
The hobgoblin looks more healthy.
The adder bites you.
* * * LOW HITPOINT WARNING * * *
You are lethally poisoned!
The adder poisons you!
You aren't carrying any potions.
You die...

#.####.#.#####.###.#
....?....(...g..(#.#
.......#.#####.#.#.#
........)# #.....#
.........# ###g###
........## #.# ##.###.##
#S# ## #.# #.# #.# #@###
##+## #...# ##...##
###.# ##.....## ###.#
##.......## ##.#.#
#.>.......####....###
+.........'.............
#.........####....######
##.......## #......#


You could see an adder and a hobgoblin.

Vanquished Creatures
  An ooze (D:1)
  A leopard gecko (D:1)
  2 goblins (D:1)
  2 hobgoblins
  A frilled lizard (D:1)
  3 kobolds
  3 rats (D:1)
13 creatures vanquished.

Notes
Turn   | Place    | Note
-------+----------+-------------------------------------------
     0 | D:1      | polly the Spriggan Assassin began the quest for the Orb.
     0 | D:1      | Reached XP level 1. HP: 10/10 MP: 2/2
   155 | D:1      | Reached skill level 6 in Stealth
   421 | D:1      | Reached XP level 2. HP: 10/15 MP: 3/3
   943 | D:2      | Succumbed to an adder's poison

Vault maps used:
D:1:      dpeg_arrival_more_subterranean_lakeside_camping, minmay_unequal
D:2:      chequers_ecumenical_altar_simple_redux, minmay_close_crescents

Skill      XL: |  1 |
---------------+----+-----
Stealth        | 6 |  6.4
Fighting       | |  1.7
Short Blades   | |  2.7
Throwing       | |  2.0
Dodging        | |  1.5

Action                   || total
-------------------------++-------
Melee: Dagger            ||    46
 Fire: Blowgun           ||     3
 Stab: Sleeping          ||     4
Armor: Robe              ||     3
Dodge: Dodged            ||    21
